Unix NetHack Version 5.0.0-0 post-release - last build May 23 2026 06:08:33 (1c0ff79ee797540d5714e4e18072db0edd9e58ae,branch:main).

Game began 2026-05-23 23:28:30, ended 2026-05-24 00:13:23.

Ch3Begorrah, chaotic male human Rogue

                                                                     -----
            -----------                                              .....#
            |.........|                                              |.>.|#
           #...........###                #                          |..{|#
           #---.-------  ####          ####                        ##....|#
          ##   #####        # -------###  ########################## |...|#
          #        ##       ##-.....|### ##                         #-...|#
         ##----  ---|-        |..{`.|#               ##             #-----#
        ## |...  |...|        |.....-#   -------------#             #     #
        #  |...---...|        -------##  |..<........-###         ###     #
 -----  #  |.........|                #  |...........|############0##########
 |%o.|  #  ---.....---                #  |...........|  #         #     #---|-
 |(%@+###    |.....|                  ###|...........|  ### ----- #     #|(..|
 |\h.|##   ---.....---                  #-...........|    # |...|##     #|...|
 ----- ##  .....^....|                   |...........|    ##....|#      #....|
           |...---...|                   -------------      |....#       -----
           |...  |...|                                      -----
           ----  -----

Ch3Begorrah the Rogue   St:15 Dx:18 Co:13 In:10 Wi:12 Ch:10  Chaotic
Dlvl:8  $:0  HP:0(53) Pw:28(28) AC:1  Xp:7 T:4898 

Latest messages:
 You enter an opulent throne room!
 In what direction? l
 The door resists!
 In what direction? l
 The door resists!
 In what direction? l
 The door resists!
 In what direction? l
 The door closes.
 You strike the goblin from behind!
 You kill the goblin!
 You strike the goblin from behind!
 You kill the goblin!
 You strike the hobgoblin from behind!
 The hobgoblin wakes up!
 The hobgoblin screams!
 The large kobold wakes up.
 The orc shaman wakes up.
 The dwarf king wakes up.
 The hobgoblin misses!
 You kill the hobgoblin!
 The large kobold misses!
 The air crackles around the orc shaman.
 You hear some noises.
 You hear some noises in the distance.
 The large kobold misses!
 The orc shaman points all around, then curses.
 You hear some noises.
 You kill the large kobold!
 The orc shaman points at you, then curses.
 You hit the dwarf king!
 The orc shaman points all around, then curses.
 You hit the dwarf king!
 The orc shaman points all around, then curses.
 The dwarf king wields a mace!
 The dwarf king swings his mace.
 The dwarf king hits!
 You hit the dwarf king!
 The orc shaman points all around, then curses.
 The dwarf king swings his mace.
 The dwarf king just misses!
 The dwarf king swings his mace.
 The dwarf king hits!
 You hit the dwarf king!
 The orc shaman casts a spell at you!
 Your brain is on fire!
 The dwarf king swings his mace.
 The dwarf king hits!
 You die...
 Do you want your possessions identified? [ynq] (y) q

Inventory:
 Weapons  (')')
  R - 10 +0 darts
  M - a +3 dagger (weapon in right hand)
  v - 9 +0 daggers (at the ready)
  L - a +0 elven dagger
  H - a +0 long sword (alternate weapon; not wielded)
 Armor    ('[')
  G - an uncursed +0 helm of brilliance (being worn)
  A - an uncursed +0 pair of high boots (being worn)
  w - a blessed +1 shield of shock resistance (being worn)
  m - an uncursed +0 elven cloak (being worn)
  c - an uncursed +1 leather armor (being worn)
 Comestibles  ('%')
  n - 4 uncursed food rations
  o - an uncursed fortune cookie
  y - an uncursed lizard corpse
 Scrolls  ('?')
  O - an uncursed scroll of blank paper
  J - an uncursed scroll of confuse monster
  i - a cursed scroll of destroy armor named cursed
  N - a cursed scroll of genocide
  C - an uncursed scroll of scare monster
 Potions  ('!')
  D - an uncursed potion of booze
  E - an uncursed potion of gain energy
  K - a blessed potion of object detection
 Wands    ('/')
  W - a cursed wand of sleep (0:0)
  z - a wand of stasis (0:3)
 Tools    ('(')
  u - a cursed leash
  e - an uncursed lock pick
  h - an uncursed magic whistle
  T - an uncursed mirror
  q - a cursed partly used tallow candle
  l - an uncursed tin opener
  g - an uncursed towel named ok
 Gems/Stones  ('*')
  F - an uncursed citrine stone
  t - 3 uncursed topaz stones
  I - 2 uncursed worthless pieces of yellow glass
  U - an uncursed luckstone

Ch3Begorrah the Rogue's attributes:

Background:
 You were a Rogue, level 7 male human.
 You were chaotic, nominally on a mission for Kos
 who was opposed by Issek (lawful) and Mog (neutral).
 You were right-handed.
 You were in the Dungeons of Doom, on level 8.
 You entered the dungeon 4898 turns ago.
 It was the midnight hour.
 You had 1163 experience points, 117 more were needed to attain level 8.

Basics:
 You had 0 out of 53 hit points.
 You had all 28 energy points (spell power).
 Your armor class was 1.
 Your wallet was empty.
 Autopickup was on for '$!/(' plus thrown, with exceptions.

Final Characteristics:
 Your strength was 15 (limit:18/100).
 Your dexterity was 18 (limit:18).
 Your constitution was 13 (limit:18).
 Your intelligence was 10 (limit:18).
 Your wisdom was 12 (limit:18).
 Your charisma was 10 (limit:18).

Final Status:
 You weren't hungry.
 You were unencumbered.
 You were wielding a dagger.
 You were skilled in dagger and could have enhanced that.

Final Attributes:
 You were piously aligned.
 You were shock resistant.
 Your items were protected from electric shocks.
 You were stealthy.
 You were warded.
 You were lucky.
 You had extra luck.
 Bad luck did not time out for you.
 Good luck did not time out for you.
 You are dead.

Miscellaneous:
 You didn't encounter any bones levels.
 Total elapsed playing time was 44 minutes and 53 seconds.

Major events:
 Turn
    1: Ch3Begorrah the chaotic male human Rogue entered the dungeon
 1457: entered the Gnomish Mines
 1854: attained the rank of Cutpurse (level 3)
 4030: attained the rank of Rogue (level 6)
 4898: killed by a dwarf king

You didn't know any spells.

Skills:
 Fighting Skills
   bare handed combat [Unskilled]
   two weapon combat  [Unskilled]
   riding             [Unskilled]
 Weapon Skills
   dagger             [Skilled]
   knife              [Unskilled]
   short sword        [Basic]
   broadsword         [Unskilled]
   long sword         [Basic]
   two-handed sword   [Unskilled]
   saber              [Unskilled]
   club               [Unskilled]
   mace               [Unskilled]
   morning star       [Unskilled]
   flail              [Unskilled]
   hammer             [Unskilled]
   polearms           [Unskilled]
   spear              [Unskilled]
   crossbow           [Unskilled]
   dart               [Unskilled]
   shuriken           [Unskilled]
 Spellcasting Skills
   divination spells  [Unskilled]
   escape spells      [Unskilled]
   matter spells      [Unskilled]

Voluntary challenges:
 Character rerolling was not enabled.
 You followed a strict vegan diet.
 You were an atheist.
 You never genocided any monsters.
 You never polymorphed an object.
 You never changed form.
 You used no wishes.
Achievements:
 You entered a shop.
 You entered the Gnomish Mines.
 You attained the rank of Cutpurse.
 You attained the rank of Rogue.

 The Dungeons of Doom: levels 1 to 10
    Level 1:
       A grave.
    Level 2:
       An altar, many fountains.
    Level 3:
       A sink.
    Level 4:
       A weapon shop, an altar, a fountain.
       Stairs down to The Gnomish Mines.
    Level 5:
       A weapon shop, a sink.
    Level 6:
       A general store.
    Level 7:
       Many altars, a fountain.
    Level 8: <- You were here.
       A throne, some fountains.
       Final resting place for
          you, killed by a dwarf king.
    Level 9:
       Many fountains.
       Oracle of Delphi.
    Level 10:
 The Gnomish Mines:
    Level 5:


Vanquished creatures:
  a leocrotta
  a quivering blob
  a wolf
  a lynx
  a panther
  a leprechaun
  2 lizards
  2 dingoes
  a dog
  2 human zombies
  2 water nymphs
 an orc shaman
  2 rock piercers
  a rock mole
  a pony
  a fog cloud
  a violet fungus
  a black naga hatchling
  a guardian naga hatchling
  a straw golem
  a paper golem
  2 giant ants
  2 little dogs
  2 floating eyes
  a rothe
  a giant bat
  a dwarf zombie
  2 wererats
  5 iguanas
 17 killer bees
  2 acid blobs
  4 coyotes
  3 gas spores
  4 manes
  a large kobold
  a hobgoblin
  a giant rat
  a cave spider
  2 yellow molds
  a green mold
  a red mold
  a gnome
  a garter snake
  3 geckos
  4 jackals
  2 foxes
  3 kobolds
  2 goblins
  6 grid bugs
  3 lichens
  3 kobold zombies
  4 newts
112 creatures vanquished.

No species were genocided or became extinct.

Game over:
                       ----------
                      /          \
                     /    REST    \
                    /      IN      \
                   /     PEACE      \
                  /                  \
                  |   Ch3Begorrah    |
                  |       0 Au       |
                  |   killed by a    |
                  |    dwarf king    |
                  |                  |
                  |                  |
                  |       2026       |
                 *|     *  *  *      | *
        _________)/\\_//(\/(/\)/\//\/|_)_______

Goodbye Ch3Begorrah the Rogue...

You died in The Dungeons of Doom on dungeon level 8 with 5162 points,
and 0 pieces of gold, after 4898 moves.
You were level 7 with a maximum of 53 hit points when you died.

